 Dungeon Crawl Stone Soup version 0.27.1 (webtiles) character file.

Game seed: 956827890309908882

210 Sub the Slasher (level 5, -3/46 (47) HPs)
             Began as a Minotaur Fighter on Sept 4, 2021.
             Was a Believer of Uskayaw.
             Killed by divine providence
             ... invoked by an orc priest
              (15 damage)
             ... on level 3 of the Dungeon.
             The game lasted 00:19:37 (2628 turns).

Sub the Slasher (Minotaur Fighter)                  Turns: 2628, Time: 00:19:37

HP:   -3/46 (47)    AC:  7    Str: 21    XL:     5   Next: 57%
MP:   1/4           EV:  7    Int:  5    God:    Uskayaw [**....]
Gold: 71            SH:  9    Dex: 10    Spells: 4/4 levels left

rFire    . . .     SeeInvis .   a - +1 long sword
rCold    . . .     Faith    .   c - +0 kite shield
rNeg     . . .     Spirit   .   b - +0 scale mail
rPois    .         Reflect  .   (helmet restricted)
rElec    .         Harm     .   (no cloak)
rCorr    .         Rampage  .   (no gloves)
Will     .....                  (no boots)
Stlth    ..........             (no amulet)
HPRegen  0.15/turn              (no ring)
MPRegen  0.09/turn              (no ring)

@: lightly drained
A: horns 2, retaliatory headbutt
a: Renounce Religion, Stomp, Line Pass


You were on level 3 of the Dungeon.
You worshipped Uskayaw.
Uskayaw was noncommittal.
You visited 1 branch of the dungeon, and saw 3 of its levels.

You collected 71 gold pieces.

Inventory:

Hand Weapons
 a - a +1 long sword (weapon)
Missiles
 f - 61 stones (quivered)
 j - 21 arrows
 k - 9 poisoned darts
Armour
 b - a +0 scale mail (worn)
 c - a +0 kite shield (worn)
 e - a +0 ring mail
 m - a +2 hat
 o - a +0 cloak
Jewellery
 p - a +4 ring of protection
Scrolls
 h - 2 scrolls of amnesia
 i - a scroll of identify
Potions
 d - 2 potions of might
 g - a potion of brilliance {unknown}
 l - a potion of mutation {unknown}
 n - a potion of ambrosia {unknown}


   Skills:
 + Level 4.4 Fighting
 * Level 4.6 Long Blades
 + Level 1.2 Throwing
 + Level 4.4 Armour
 + Level 0.8 Dodging
 + Level 0.9 Stealth
 + Level 4.4 Shields


You had 4 spell levels left.
You didn't know any spells.
Your spell library was empty.

Dungeon Overview and Level Annotations

Branches:
Dungeon (3/15)

Altars:
Dithmenos
Uskayaw


Innate Abilities, Weirdness & Mutations

You have a pair of horns on your head.
You reflexively headbutt those who attack you in melee.


Message History

Here: an orc wizard, wielding a +2 dagger of draining and wearing a +0 robe The floor.
Your scale mail prevents you from hitting the orc priest.
Something hits you but does no damage.
The orc priest hits you with a +0 flail!
Something hits you but does no damage.
You stomp with the beat, sending a shockwave through the revellers around you!
The orc is heavily wounded. x2
You can no longer stomp with the beat.
The orc hits you but does no damage. You block something's attack.
You closely miss the orc. You headbutt the orc.
You kill the orc!
The orc hits you but does no damage. Something hits you but does no damage.
You hit the orc wizard but do no damage.
You headbutt the orc wizard, but do no damage.
The orc barely misses you.
The orc wizard hits you but does no damage.
You feel drained. Something hits you. You block the orc's attack.
The orc wizard hits you with a +2 dagger of draining.
You feel drained.
You slash the orc wizard! You headbutt the orc wizard.
You kill the orc wizard!
Something hits you but does no damage. You block the orc's attack.
Something hits you but does no damage.
The orc priest hits you with a +0 flail!
You can now stomp with the beat.
You closely miss the orc priest. Your headbutt misses the orc priest.
The orc barely misses you. Something hits you.
The orc priest hits you with a +0 flail.
You block the orc's attack.
You hit the orc priest.
The orc priest is lightly wounded.
The orc priest hits you with a +0 flail.
Something hits you. You block the orc's attack.
You block the orc priest's attack. Something hits you.
* * * LOW HITPOINT WARNING * * *
You can now pass through a line of other dancers.
The orc priest mumbles some strange prayers to Beogh against you.
Beogh smites you!
You die...

....# ...
#.<#.#<#..........#
#..##.#..............#
#....................#
##.#....#'#########
#.#....#......#
#.#....######.#
#.#....# #.# .
#.#....# #.#
....##.#@...# #.#
......{o....# #.#
...#.#o##...# #.#


.rB ##+## #.###### #... #.#..... #..> #.#.#### #... #...# #... ##### #... You
could see an orc priest, an orc, a giant cockroach and a rat.

Vanquished Creatures
  A black bear (D:3)
  An orc wizard (D:3)
  3 adders
  A dart slug (D:1)
  An orc (D:3)
  7 bats
  5 endoplasms
  3 giant cockroaches
  4 hobgoblins
  8 jackals
  6 kobolds
  3 quokkas (D:2)
  9 ball pythons
  3 frilled lizards
  5 goblins
  2 rats (D:1)
62 creatures vanquished.

Vanquished Creatures (others)
  46 plants
46 creatures vanquished.

Grand Total: 108 creatures vanquished

Notes
Turn   | Place    | Note
-------+----------+-------------------------------------------
     0 | D:1      | Sub the Minotaur Fighter began the quest for the Orb.
     0 | D:1      | Reached XP level 1. HP: 19/19 MP: 0/0
   186 | D:1      | Reached XP level 2. HP: 25/27 MP: 1/1
   804 | D:1      | Found a faded altar of an unknown god.
   806 | D:1      | Reached XP level 3. HP: 33/33 MP: 2/2
   812 | D:1      | Became a worshipper of Uskayaw the Reveller
   812 | D:1      | Reached * piety under Uskayaw
  1379 | D:2      | Reached ** piety under Uskayaw
  1394 | D:2      | Found a shadowy altar of Dithmenos.
  1797 | D:2      | Reached XP level 4. HP: 38/40 MP: 3/3
  2069 | D:3      | Noticed a black bear
  2076 | D:3      | Killed a black bear
  2077 | D:3      | Reached skill level 1 in Throwing
  2077 | D:3      | Reached XP level 5. HP: 38/47 MP: 4/4
  2077 | D:3      | Reached *** piety under Uskayaw
  2090 | D:3      | Reached **** piety under Uskayaw
  2628 | D:3      | Killed from afar by an orc priest

Illustrated notes

Levels and vault maps discovered:
D:1:      wheals_arrival_linesprint, layout_basic,
          dilly_ecumenical_altar_fadedgnrine, dk_noncrumbling_3,
          chequers_serial_rivers_large_a
D:2:      layout_loops_cross, basic_altar, serial_bayou_lagoon_a
D:3:      layout_basic

Skill      XL: |  1  2  3  4 |
---------------+-------------+-----
Shields        | 4 |  4.4
Fighting       | 4 |  4.4
Armour         | 4 |  4.4
Long Blades    | 3 4 |  4.6
Throwing       | 1 |  1.2
Dodging        | |  0.8
Stealth        | |  0.9

Action                   |  1- 3 |  4- 6 || total
-------------------------+-------+-------++-------
Melee: Long sword        |   116 |    48 ||   164
       Headbutt          |    21 |    10 ||    31
Throw: Stone             |    36 |    11 ||    47
Invok: Stomp             |       |     1 ||     1
  Use: Scroll            |     3 |     3 ||     6
 Stab: Paralysed         |       |     1 ||     1
Armor: Scale mail        |    40 |    40 ||    80
Dodge: Dodged            |    22 |    14 ||    36
Block: Kite shield       |    53 |    32 ||    85
       Rpst.: Long sword |     3 |     2 ||     5
